[ AOE2 MATCH · #467009128 ]
Team RMBohemians vs Slavs
[ REPLAY ANALYSIS · EXTRACTED FROM THE RECORDED GAME ]
Feudal
15:56
Castle
21:45
Imperial
—
| APM avg | 13.7 |
| APM peak | 28 |
| eAPM avg | 9.8 |
| Villagers / military | 61 / 20 |
Focus
⚔️ 16.9% · 🌾 83.1%
Spearman ×14 · Skirmisher ×4 · Trade Cart ×4 · Archer ×1 · Scorpion ×1
Feudal
12:20
Castle
20:32
Imperial
39:31
| APM avg | 22.8 |
| APM peak | 88 |
| eAPM avg | 15.8 |
| Villagers / military | 117 / 40 |
Focus
⚔️ 21.1% · 🌾 78.9%
Spearman ×19 · Skirmisher ×13 · Archer ×4 · Battering Ram ×3 · Mangonel ×1
Feudal
15:14
Castle
18:53
Imperial
—
| APM avg | 17.2 |
| APM peak | 33 |
| eAPM avg | 14.0 |
| Villagers / military | 112 / 36 |
Focus
⚔️ 17.7% · 🌾 82.3%
Spearman ×32 · Mangonel ×4
Feudal
10:58
Castle
19:15
Imperial
30:16
| APM avg | 13.2 |
| APM peak | 39 |
| eAPM avg | 9.4 |
| Villagers / military | 88 / 55 |
Focus
⚔️ 16.4% · 🌾 83.6%
Skirmisher ×30 · Spearman ×24 · Monk ×1
Feudal
15:30
Castle
19:31
Imperial
38:18
| APM avg | 21.0 |
| APM peak | 46 |
| eAPM avg | 14.0 |
| Villagers / military | 77 / 46 |
Focus
⚔️ 32.2% · 🌾 67.8%
Conquistador ×23 · Scout Cavalry ×19 · Trade Cart ×10 · Petard ×4
Feudal
13:24
Castle
18:19
Imperial
34:17
| APM avg | 12.3 |
| APM peak | 48 |
| eAPM avg | 8.5 |
| Villagers / military | 137 / 115 |
Focus
⚔️ 22.3% · 🌾 77.7%
Knight ×72 · Spearman ×42 · Monk ×1
Feudal
12:14
Castle
17:59
Imperial
32:15
| APM avg | 27.5 |
| APM peak | 73 |
| eAPM avg | 17.5 |
| Villagers / military | 118 / 108 |
Focus
⚔️ 21.3% · 🌾 78.7%
Knight ×82 · Skirmisher ×15 · Scout Cavalry ×10 · Trade Cart ×2 · Monk ×1
Feudal
12:43
Castle
19:37
Imperial
—
| APM avg | 19.6 |
| APM peak | 52 |
| eAPM avg | 13.8 |
| Villagers / military | 124 / 12 |
Focus
⚔️ 15.5% · 🌾 84.5%
Archer ×9 · Mangonel ×2 · Battering Ram ×1
Match map
Resources at game start + every placement click. Thick line = wall · dashed box = detected house wall. 🟡 gold · ⚪ stone · 🟢 berries · 🔶 boar · ⭕ relic
Your base· Open — unwalled flank
Cyberfrank's base· ✓ Closed at 20:32 · 25t walls
stanny's base· ✓ Closed at 18:53 · 15t walls
Lord Meadow's base· ✓ Closed at 19:15 · 30t walls
DerkerTheBerserker's base· Open — unwalled flank
Manfred's base· ✓ Closed at 18:19 · 0t walls
Mr.Razorski's base· Open — unwalled flank
Weolex's base· ✓ Closed at 19:37 · 27t walls
Elevation-shaded terrain · ⚠ = detected wall gap · hover for details
Inputs per minute
— xjvc206 - - Cyberfrank
Build order — xjvc206
First 150 of 168 actions detected
| 0:04 | Research | Loom |
| 0:05 | Create | Villager (Male) |
| 0:06 | Create | Villager (Male) |
| 0:06 | Create | Villager (Male) |
| 0:06 | Create | Villager (Male) |
| 0:13 | Build | House |
| 0:22 | Build | House |
| 0:24 | Build | House |
| 1:01 | Build | Palisade Wall |
| 1:29 | Build | Lumber Camp |
| 3:34 | Create | Villager (Male) |
| 4:22 | Create | Villager (Male) |
| 4:23 | Create | Villager (Male) |
| 4:23 | Create | Villager (Male) |
| 4:32 | Build | Mining Camp |
| 5:27 | Create | Villager (Male) |
| 6:05 | Create | Villager (Male) |
| 6:15 | Build | House |
| 6:16 | Build | House |
| 6:49 | Create | Villager (Male) |
| 7:11 | Create | Villager (Male) |
| 7:13 | Create | Villager (Male) |
| 8:11 | Build | Mill |
| 8:57 | Create | Villager (Male) |
| 8:57 | Create | Villager (Male) |
| 8:57 | Create | Villager (Male) |
| 8:58 | Create | Villager (Male) |
| 8:58 | Create | Villager (Male) |
| 10:14 | Create | Villager (Male) |
| 10:14 | Create | Villager (Male) |
| 11:07 | Create | Villager (Male) |
| 11:35 | Build | House |
| 11:36 | Build | House |
| 11:40 | Build | House |
| 11:55 | Build | House |
| 11:56 | Build | House |
| 12:04 | Create | Villager (Male) |
| 12:52 | Build | Mining Camp |
| 12:54 | Create | Villager (Male) |
| 12:56 | Create | Villager (Male) |
| 13:46 | Research | Feudal Age |
| 15:36 | Build | Mill |
| 15:56 | Age | Feudal Age |
| 16:07 | Build | Watch Tower |
| 16:27 | Build | Barracks |
| 16:43 | Build | House |
| 16:49 | Build | House |
| 16:51 | Build | House |
| 17:04 | Create | Villager (Male) |
| 17:07 | Create | Villager (Male) |
| 17:30 | Build | Blacksmith |
| 17:35 | Build | Market |
| 18:42 | Build | Archery Range |
| 18:54 | Build | Stone Wall |
| 19:05 | Research | Castle Age |
| 19:12 | Build | Watch Tower |
| 19:17 | Build | Mill |
| 19:53 | Create | Skirmisher |
| 19:53 | Create | Skirmisher |
| 19:53 | Create | Skirmisher |
| 20:35 | Build | Watch Tower |
| 20:43 | Create | Skirmisher |
| 20:48 | Research | Fletching |
| 21:45 | Age | Castle Age |
| 21:48 | Research | Crossbowman (upgrade) |
| 22:05 | Create | Spearman |
| 22:21 | Create | Archer |
| 22:42 | Build | Town Center |
| 23:38 | Build | Town Center |
| 23:48 | Build | Barracks |
| 24:17 | Create | Spearman |
| 24:18 | Create | Spearman |
| 24:19 | Create | Spearman |
| 25:26 | Create | Villager (Male) |
| 25:26 | Create | Villager (Male) |
| 25:27 | Create | Villager (Male) |
| 25:35 | Build | Mining Camp |
| 26:36 | Build | Farm |
| 26:41 | Build | Farm |
| 26:47 | Build | Farm |
| 26:55 | Build | Farm |
| 27:03 | Build | Farm |
| 27:15 | Build | Farm |
| 27:37 | Build | Farm |
| 27:42 | Build | Farm |
| 27:49 | Build | Farm |
| 27:53 | Create | Villager (Male) |
| 28:10 | Build | Castle |
| 28:22 | Create | Villager (Male) |
| 28:30 | Create | Villager (Male) |
| 29:11 | Build | Farm |
| 29:16 | Create | Villager (Male) |
| 29:17 | Create | Villager (Male) |
| 29:19 | Build | Farm |
| 29:22 | Create | Villager (Male) |
| 29:50 | Build | Farm |
| 29:52 | Build | Farm |
| 29:54 | Create | Villager (Male) |
| 29:59 | Create | Villager (Male) |
| 30:32 | Build | Farm |
| 30:35 | Build | Farm |
| 30:40 | Create | Villager (Male) |
| 30:41 | Create | Villager (Male) |
| 30:45 | Create | Villager (Male) |
| 31:22 | Build | Siege Workshop |
| 31:39 | Build | Farm |
| 31:42 | Build | Farm |
| 31:44 | Create | Villager (Male) |
| 31:46 | Create | Villager (Male) |
| 31:50 | Create | Villager (Male) |
| 31:58 | Create | Trade Cart |
| 32:46 | Build | Building 665 |
| 32:51 | Build | Farm |
| 32:54 | Build | Farm |
| 32:58 | Create | Villager (Male) |
| 32:58 | Create | Villager (Male) |
| 33:02 | Create | Villager (Male) |
| 33:05 | Research | Padded Archer Armor |
| 33:14 | Research | Forging |
| 33:15 | Research | Scale Mail Armor |
| 33:31 | Create | Spearman |
| 33:32 | Research | Squires |
| 33:34 | Create | Spearman |
| 33:47 | Build | Farm |
| 33:50 | Research | Horse Collar |
| 33:54 | Research | Double-Bit Axe |
| 33:59 | Create | Villager (Male) |
| 34:00 | Create | Villager (Male) |
| 34:04 | Create | Villager (Male) |
| 34:10 | Create | Trade Cart |
| 34:29 | Create | Spearman |
| 35:03 | Create | Spearman |
| 35:10 | Research | Pikeman (upgrade) |
| 35:16 | Build | Barracks |
| 35:26 | Create | Villager (Male) |
| 35:26 | Create | Villager (Male) |
| 35:29 | Create | Villager (Male) |
| 35:37 | Create | Trade Cart |
| 35:43 | Create | Spearman |
| 36:01 | Build | Castle |
| 36:02 | Create | Spearman |
| 36:16 | Create | Scorpion |
| 36:33 | Build | Town Center |
| 36:41 | Research | Wheelbarrow |
| 36:42 | Create | Villager (Male) |
| 36:44 | Create | Trade Cart |
| 36:46 | Create | Villager (Male) |
| 36:47 | Research | Town Watch |
| 36:51 | Build | Farm |
| 37:03 | Build | Farm |
Build order — Cyberfrank
First 150 of 301 actions detected
| 0:01 | Create | Villager (Male) |
| 0:01 | Create | Villager (Male) |
| 0:03 | Build | House |
| 0:05 | Build | House |
| 0:11 | Create | Villager (Male) |
| 0:15 | Create | Villager (Male) |
| 0:20 | Research | Loom |
| 0:22 | Create | Villager (Male) |
| 0:23 | Create | Villager (Male) |
| 0:38 | Build | Building 800 |
| 0:40 | Create | Villager (Male) |
| 0:41 | Create | Villager (Male) |
| 0:53 | Build | Building 796 |
| 1:32 | Build | Lumber Camp |
| 2:59 | Create | Villager (Male) |
| 3:38 | Create | Villager (Male) |
| 3:52 | Create | Villager (Male) |
| 4:38 | Build | Mill |
| 4:42 | Create | Villager (Male) |
| 5:03 | Create | Villager (Male) |
| 5:38 | Create | Villager (Male) |
| 5:38 | Create | Villager (Male) |
| 5:44 | Create | Villager (Male) |
| 6:04 | Create | Villager (Male) |
| 6:04 | Create | Villager (Male) |
| 6:22 | Create | Villager (Male) |
| 6:31 | Build | House |
| 7:00 | Create | Villager (Male) |
| 7:21 | Create | Villager (Male) |
| 7:38 | Create | Villager (Male) |
| 7:40 | Create | Villager (Male) |
| 8:08 | Create | Villager (Male) |
| 8:24 | Create | Villager (Male) |
| 8:30 | Build | Mill |
| 8:53 | Create | Villager (Male) |
| 9:08 | Create | Villager (Male) |
| 9:08 | Create | Villager (Male) |
| 9:15 | Build | House |
| 9:51 | Create | Villager (Male) |
| 10:01 | Research | Feudal Age |
| 10:24 | Create | Villager (Male) |
| 10:40 | Build | Lumber Camp |
| 11:16 | Create | Villager (Male) |
| 11:44 | Create | Villager (Male) |
| 12:20 | Age | Feudal Age |
| 12:26 | Create | Villager (Male) |
| 12:38 | Build | Market |
| 12:52 | Build | Farm |
| 12:56 | Build | Farm |
| 13:04 | Build | Blacksmith |
| 13:19 | Build | Stone Wall |
| 13:22 | Build | Stone Wall |
| 13:38 | Build | House |
| 13:46 | Build | House |
| 13:53 | Build | Mining Camp |
| 13:57 | Create | Villager (Male) |
| 13:57 | Create | Villager (Male) |
| 14:23 | Build | Mining Camp |
| 14:27 | Create | Villager (Male) |
| 14:34 | Build | Farm |
| 14:43 | Build | Farm |
| 15:06 | Build | Farm |
| 15:10 | Create | Villager (Male) |
| 15:25 | Create | Villager (Male) |
| 15:50 | Build | Stone Wall |
| 16:19 | Build | Stone Wall |
| 16:26 | Create | Villager (Male) |
| 16:32 | Build | Building 665 |
| 16:43 | Create | Villager (Male) |
| 16:43 | Create | Villager (Male) |
| 16:44 | Create | Villager (Male) |
| 17:07 | Create | Villager (Male) |
| 17:08 | Create | Villager (Male) |
| 17:08 | Create | Villager (Male) |
| 17:08 | Create | Villager (Male) |
| 17:16 | Create | Villager (Male) |
| 17:46 | Build | Stone Wall |
| 17:47 | Create | Villager (Male) |
| 17:48 | Create | Villager (Male) |
| 17:48 | Create | Villager (Male) |
| 17:51 | Build | Farm |
| 17:52 | Create | Villager (Male) |
| 18:06 | Research | Castle Age |
| 18:34 | Build | Barracks |
| 19:02 | Build | Archery Range |
| 19:03 | Build | Archery Range |
| 19:09 | Create | Villager (Male) |
| 19:25 | Build | Lumber Camp |
| 19:39 | Build | Farm |
| 19:43 | Create | Skirmisher |
| 19:43 | Create | Skirmisher |
| 19:44 | Create | Skirmisher |
| 19:44 | Create | Skirmisher |
| 19:44 | Create | Skirmisher |
| 19:44 | Create | Skirmisher |
| 19:54 | Create | Skirmisher |
| 19:54 | Create | Skirmisher |
| 19:54 | Create | Skirmisher |
| 20:10 | Create | Archer |
| 20:10 | Create | Archer |
| 20:27 | Build | House |
| 20:29 | Build | House |
| 20:30 | Build | House |
| 20:30 | Build | House |
| 20:32 | Age | Castle Age |
| 20:38 | Build | Mining Camp |
| 20:53 | Build | Building 490 |
| 21:22 | Build | House |
| 21:48 | Create | Villager (Male) |
| 21:49 | Create | Villager (Male) |
| 21:53 | Create | Archer |
| 22:05 | Build | House |
| 22:08 | Build | House |
| 22:23 | Create | Skirmisher |
| 22:23 | Create | Skirmisher |
| 22:27 | Create | Skirmisher |
| 22:27 | Create | Skirmisher |
| 22:42 | Build | Town Center |
| 22:59 | Create | Villager (Male) |
| 24:15 | Create | Villager (Male) |
| 24:16 | Create | Villager (Male) |
| 24:44 | Build | Siege Workshop |
| 24:55 | Create | Villager (Male) |
| 24:55 | Create | Villager (Male) |
| 24:57 | Create | Villager (Male) |
| 25:01 | Create | Archer |
| 25:27 | Create | Villager (Male) |
| 25:35 | Build | Town Center |
| 26:09 | Create | Mangonel |
| 26:12 | Create | Battering Ram |
| 26:18 | Build | House |
| 26:19 | Build | House |
| 26:22 | Build | House |
| 26:42 | Create | Villager (Male) |
| 26:43 | Create | Villager (Male) |
| 26:58 | Build | Lumber Camp |
| 27:56 | Create | Villager (Male) |
| 27:56 | Create | Villager (Male) |
| 27:58 | Create | Villager (Male) |
| 28:15 | Build | Mill |
| 28:16 | Build | Farm |
| 28:17 | Build | Farm |
| 28:17 | Build | Farm |
| 28:17 | Build | Farm |
| 28:17 | Build | Farm |
| 28:18 | Build | Farm |
| 28:18 | Build | Farm |
| 28:30 | Create | Villager (Male) |
| 28:33 | Build | Farm |
| 28:35 | Build | Farm |
Build order — stanny
First 150 of 206 actions detected
| 0:02 | Create | Villager (Male) |
| 0:03 | Create | Villager (Male) |
| 0:03 | Create | Villager (Male) |
| 0:03 | Create | Villager (Male) |
| 0:04 | Build | House |
| 0:06 | Build | House |
| 1:26 | Research | Loom |
| 1:26 | Create | Villager (Male) |
| 1:26 | Create | Villager (Male) |
| 2:25 | Build | Palisade Wall |
| 2:34 | Create | Villager (Male) |
| 2:35 | Create | Villager (Male) |
| 2:35 | Create | Villager (Male) |
| 3:12 | Create | Villager (Male) |
| 3:12 | Create | Villager (Male) |
| 3:20 | Build | House |
| 3:50 | Create | Villager (Male) |
| 3:50 | Create | Villager (Male) |
| 5:05 | Build | Lumber Camp |
| 5:24 | Create | Villager (Male) |
| 5:24 | Create | Villager (Male) |
| 5:42 | Create | Villager (Male) |
| 5:42 | Create | Villager (Male) |
| 7:12 | Create | Villager (Male) |
| 7:12 | Create | Villager (Male) |
| 7:33 | Build | House |
| 7:39 | Build | Mill |
| 7:51 | Create | Villager (Male) |
| 7:51 | Create | Villager (Male) |
| 7:52 | Create | Villager (Male) |
| 8:29 | Create | Villager (Male) |
| 8:29 | Create | Villager (Male) |
| 8:30 | Create | Villager (Male) |
| 9:19 | Create | Villager (Male) |
| 9:20 | Create | Villager (Male) |
| 9:20 | Create | Villager (Male) |
| 9:46 | Create | Villager (Male) |
| 10:04 | Build | Farm |
| 10:05 | Build | Farm |
| 10:08 | Build | Farm |
| 10:17 | Create | Villager (Male) |
| 10:26 | Build | Lumber Camp |
| 10:30 | Create | Villager (Male) |
| 10:31 | Create | Villager (Male) |
| 10:45 | Create | Villager (Male) |
| 10:46 | Create | Villager (Male) |
| 10:53 | Build | House |
| 12:08 | Build | Farm |
| 12:10 | Build | Farm |
| 12:25 | Build | Mining Camp |
| 12:37 | Research | Feudal Age |
| 12:57 | Build | Farm |
| 14:02 | Build | Farm |
| 14:26 | Create | Villager (Male) |
| 14:26 | Create | Villager (Male) |
| 15:14 | Age | Feudal Age |
| 15:20 | Build | Stone Wall |
| 15:30 | Build | Market |
| 15:37 | Build | Blacksmith |
| 15:58 | Build | Stone Wall |
| 16:13 | Research | Castle Age |
| 16:27 | Research | Double-Bit Axe |
| 16:42 | Research | Horse Collar |
| 17:22 | Create | Villager (Male) |
| 17:23 | Create | Villager (Male) |
| 17:32 | Build | House |
| 18:53 | Age | Castle Age |
| 18:56 | Build | Town Center |
| 19:03 | Create | Villager (Male) |
| 19:03 | Create | Villager (Male) |
| 19:14 | Research | Bow Saw |
| 19:22 | Create | Villager (Male) |
| 20:00 | Create | Villager (Male) |
| 20:00 | Create | Villager (Male) |
| 20:01 | Create | Villager (Male) |
| 20:22 | Build | Farm |
| 20:23 | Build | Farm |
| 20:24 | Build | Farm |
| 20:37 | Build | Town Center |
| 20:41 | Create | Villager (Male) |
| 20:41 | Create | Villager (Male) |
| 20:50 | Build | Farm |
| 20:52 | Build | Farm |
| 20:53 | Build | Farm |
| 20:55 | Build | Farm |
| 20:56 | Build | Farm |
| 21:03 | Create | Villager (Male) |
| 21:04 | Create | Villager (Male) |
| 21:37 | Create | Villager (Male) |
| 21:37 | Create | Villager (Male) |
| 22:06 | Create | Villager (Male) |
| 22:06 | Create | Villager (Male) |
| 22:07 | Create | Villager (Male) |
| 22:14 | Build | Farm |
| 22:19 | Create | Villager (Male) |
| 22:19 | Create | Villager (Male) |
| 22:33 | Create | Villager (Male) |
| 22:34 | Create | Villager (Male) |
| 22:37 | Create | Villager (Male) |
| 22:47 | Build | Farm |
| 23:07 | Build | Stone Wall |
| 23:14 | Create | Villager (Male) |
| 23:14 | Create | Villager (Male) |
| 23:14 | Create | Villager (Male) |
| 23:14 | Create | Villager (Male) |
| 23:29 | Build | Farm |
| 23:32 | Create | Villager (Male) |
| 23:33 | Create | Villager (Male) |
| 23:38 | Build | House |
| 24:07 | Build | Siege Workshop |
| 24:21 | Build | Stone Wall |
| 24:29 | Create | Villager (Male) |
| 24:29 | Create | Villager (Male) |
| 24:29 | Create | Villager (Male) |
| 24:29 | Create | Villager (Male) |
| 24:30 | Create | Villager (Male) |
| 24:33 | Build | Farm |
| 24:40 | Build | Farm |
| 24:43 | Build | Farm |
| 24:45 | Build | Farm |
| 24:49 | Create | Villager (Male) |
| 24:49 | Create | Villager (Male) |
| 24:50 | Create | Villager (Male) |
| 24:50 | Create | Villager (Male) |
| 24:54 | Build | House |
| 24:59 | Build | House |
| 25:09 | Create | Mangonel |
| 25:55 | Build | Barracks |
| 26:15 | Build | Stone Wall |
| 26:39 | Create | Mangonel |
| 26:58 | Create | Mangonel |
| 27:33 | Create | Villager (Male) |
| 27:33 | Create | Villager (Male) |
| 27:33 | Create | Villager (Male) |
| 27:34 | Create | Villager (Male) |
| 27:57 | Create | Villager (Male) |
| 27:57 | Create | Villager (Male) |
| 27:57 | Create | Villager (Male) |
| 28:17 | Build | Farm |
| 28:18 | Build | Farm |
| 28:19 | Build | Farm |
| 28:20 | Build | Farm |
| 28:21 | Build | Farm |
| 28:29 | Create | Villager (Male) |
| 28:29 | Create | Villager (Male) |
| 28:29 | Create | Villager (Male) |
| 29:51 | Build | Farm |
| 29:57 | Create | Mangonel |
| 30:11 | Build | Mining Camp |
| 30:19 | Create | Villager (Male) |
Build order — Lord Meadow
First 150 of 203 actions detected
| 0:01 | Create | Villager (Male) |
| 0:02 | Create | Villager (Male) |
| 0:02 | Create | Villager (Male) |
| 0:02 | Create | Villager (Male) |
| 0:04 | Build | House |
| 0:06 | Build | House |
| 1:25 | Build | Palisade Gate |
| 1:29 | Build | Palisade Wall |
| 1:32 | Create | Villager (Male) |
| 1:33 | Create | Villager (Male) |
| 3:02 | Create | Villager (Male) |
| 3:02 | Create | Villager (Male) |
| 3:02 | Create | Villager (Male) |
| 3:03 | Create | Villager (Male) |
| 3:45 | Create | Villager (Male) |
| 3:45 | Create | Villager (Male) |
| 4:32 | Build | Lumber Camp |
| 4:36 | Create | Villager (Male) |
| 4:36 | Create | Villager (Male) |
| 4:36 | Create | Villager (Male) |
| 5:06 | Build | House |
| 5:28 | Create | Villager (Male) |
| 6:32 | Build | Lumber Camp |
| 6:37 | Create | Villager (Male) |
| 6:37 | Create | Villager (Male) |
| 6:37 | Create | Villager (Male) |
| 6:46 | Build | House |
| 6:49 | Build | House |
| 8:09 | Build | Mill |
| 8:38 | Build | Mill |
| 8:48 | Research | Feudal Age |
| 9:23 | Create | Villager (Male) |
| 9:24 | Create | Villager (Male) |
| 9:24 | Create | Villager (Male) |
| 9:38 | Build | Mining Camp |
| 10:33 | Build | House |
| 10:35 | Build | House |
| 10:36 | Build | House |
| 10:38 | Build | House |
| 10:44 | Build | House |
| 10:48 | Build | House |
| 10:55 | Create | Villager (Male) |
| 10:55 | Create | Villager (Male) |
| 10:58 | Age | Feudal Age |
| 11:04 | Research | Horse Collar |
| 11:27 | Build | Building 487 |
| 11:36 | Create | Villager (Male) |
| 11:36 | Create | Villager (Male) |
| 11:36 | Create | Villager (Male) |
| 11:48 | Research | Double-Bit Axe |
| 12:01 | Build | Farm |
| 12:19 | Build | Farm |
| 13:08 | Create | Villager (Male) |
| 13:08 | Create | Villager (Male) |
| 13:43 | Create | Villager (Male) |
| 13:43 | Create | Villager (Male) |
| 14:00 | Build | Market |
| 14:06 | Build | Blacksmith |
| 14:16 | Build | Farm |
| 14:17 | Build | Farm |
| 14:49 | Build | Stone Wall |
| 14:56 | Build | Building 487 |
| 15:03 | Build | Stone Wall |
| 15:30 | Build | Farm |
| 15:31 | Build | Farm |
| 15:34 | Build | Farm |
| 15:36 | Build | Farm |
| 15:43 | Create | Villager (Male) |
| 16:19 | Build | Mining Camp |
| 16:35 | Research | Castle Age |
| 16:56 | Build | Lumber Camp |
| 17:27 | Build | Stone Wall |
| 17:32 | Build | Stone Wall |
| 17:39 | Build | Building 487 |
| 17:42 | Build | Stone Wall |
| 17:53 | Create | Villager (Male) |
| 17:54 | Create | Villager (Male) |
| 17:54 | Create | Villager (Male) |
| 18:39 | Build | Barracks |
| 19:15 | Age | Castle Age |
| 19:20 | Build | Town Center |
| 19:51 | Create | Villager (Male) |
| 19:51 | Create | Villager (Male) |
| 20:02 | Research | Padded Archer Armor |
| 20:03 | Research | Fletching |
| 20:13 | Build | Farm |
| 20:34 | Build | Farm |
| 21:00 | Build | Farm |
| 21:19 | Create | Villager (Male) |
| 21:27 | Build | Farm |
| 21:53 | Build | Monastery |
| 22:02 | Create | Villager (Male) |
| 22:02 | Create | Villager (Male) |
| 22:02 | Create | Villager (Male) |
| 22:03 | Create | Villager (Male) |
| 22:08 | Build | Farm |
| 22:35 | Build | Farm |
| 22:37 | Build | Farm |
| 22:38 | Build | Farm |
| 22:39 | Build | Farm |
| 22:41 | Build | Farm |
| 22:48 | Create | Monk |
| 23:02 | Create | Villager (Male) |
| 23:03 | Create | Villager (Male) |
| 23:03 | Create | Villager (Male) |
| 23:03 | Create | Villager (Male) |
| 23:03 | Create | Villager (Male) |
| 23:11 | Build | Farm |
| 23:13 | Build | Farm |
| 23:22 | Build | Farm |
| 24:11 | Build | Archery Range |
| 24:39 | Build | Farm |
| 24:44 | Create | Villager (Male) |
| 24:45 | Create | Villager (Male) |
| 24:45 | Create | Villager (Male) |
| 24:49 | Create | Villager (Male) |
| 24:49 | Create | Villager (Male) |
| 25:17 | Build | Mining Camp |
| 25:58 | Build | University |
| 26:08 | Create | Villager (Male) |
| 26:08 | Create | Villager (Male) |
| 26:08 | Create | Villager (Male) |
| 26:15 | Research | Elite Skirmisher (upgrade) |
| 26:16 | Create | Skirmisher ×5 |
| 26:16 | Create | Skirmisher ×5 |
| 26:40 | Build | Town Center |
| 27:06 | Research | Imperial Age |
| 27:14 | Build | Farm |
| 27:17 | Build | Farm |
| 27:44 | Research | Leather Archer Armor |
| 27:44 | Research | Bodkin Arrow |
| 28:11 | Create | Villager (Male) |
| 28:11 | Create | Villager (Male) |
| 28:12 | Create | Villager (Male) |
| 28:12 | Create | Villager (Male) |
| 28:13 | Create | Villager (Male) |
| 28:27 | Build | Mill |
| 28:28 | Build | Farm |
| 28:29 | Build | Farm |
| 28:29 | Build | Farm |
| 28:29 | Build | Farm |
| 28:30 | Build | Farm |
| 28:30 | Build | Farm |
| 28:30 | Build | Farm |
| 28:37 | Create | Villager (Male) |
| 28:37 | Create | Villager (Male) |
| 29:07 | Create | Skirmisher ×5 |
| 29:07 | Create | Skirmisher ×5 |
| 29:24 | Create | Villager (Male) |
| 29:25 | Create | Villager (Male) |
Build order — DerkerTheBerserker
First 150 of 226 actions detected
| 0:00 | Create | Villager (Male) |
| 0:01 | Create | Villager (Male) |
| 0:01 | Create | Villager (Male) |
| 0:02 | Build | House |
| 0:03 | Build | House |
| 0:13 | Create | Villager (Male) |
| 0:14 | Create | Villager (Male) |
| 0:22 | Research | Loom |
| 0:26 | Create | Villager (Male) |
| 0:32 | Create | Villager (Male) |
| 1:13 | Build | Palisade Wall |
| 1:29 | Build | Palisade Wall |
| 1:35 | Build | Palisade Wall |
| 1:44 | Build | Palisade Wall |
| 1:52 | Create | Villager (Male) |
| 1:52 | Create | Villager (Male) |
| 2:03 | Build | Palisade Wall |
| 2:06 | Build | Palisade Wall |
| 2:17 | Create | Villager (Male) |
| 2:17 | Create | Villager (Male) |
| 2:53 | Create | Villager (Male) |
| 3:28 | Create | Villager (Male) |
| 3:28 | Create | Villager (Male) |
| 3:55 | Build | Palisade Wall |
| 3:58 | Build | Palisade Gate |
| 4:10 | Create | Villager (Male) |
| 4:11 | Create | Villager (Male) |
| 4:40 | Build | House |
| 4:51 | Create | Villager (Male) |
| 5:21 | Create | Villager (Male) |
| 5:35 | Build | Lumber Camp |
| 5:44 | Create | Villager (Male) |
| 6:15 | Create | Villager (Male) |
| 6:15 | Create | Villager (Male) |
| 7:11 | Build | Mill |
| 8:39 | Create | Villager (Male) |
| 8:42 | Create | Villager (Male) |
| 8:48 | Create | Villager (Male) |
| 9:38 | Create | Villager (Male) |
| 9:51 | Build | House |
| 10:02 | Build | House |
| 10:25 | Create | Villager (Male) |
| 10:25 | Create | Villager (Male) |
| 11:25 | Create | Villager (Male) |
| 11:27 | Create | Villager (Male) |
| 11:58 | Build | Mining Camp |
| 12:23 | Create | Villager (Male) |
| 12:23 | Create | Villager (Male) |
| 12:53 | Build | Mill |
| 13:20 | Research | Feudal Age |
| 14:50 | Build | Farm |
| 14:51 | Build | Farm |
| 14:52 | Build | Farm |
| 14:53 | Build | Farm |
| 14:54 | Build | Farm |
| 14:55 | Build | Farm |
| 14:56 | Build | Farm |
| 15:30 | Age | Feudal Age |
| 15:33 | Research | Horse Collar |
| 15:38 | Build | Market |
| 15:46 | Build | Market |
| 15:53 | Create | Villager (Male) |
| 15:53 | Create | Villager (Male) |
| 15:59 | Build | Blacksmith |
| 16:13 | Research | Double-Bit Axe |
| 16:48 | Create | Villager (Male) |
| 16:52 | Research | Castle Age |
| 17:08 | Build | Mining Camp |
| 17:15 | Research | Stone Mining |
| 18:20 | Build | Farm |
| 18:22 | Build | Farm |
| 18:40 | Build | House |
| 18:59 | Build | House |
| 19:16 | Create | Villager (Male) |
| 19:31 | Age | Castle Age |
| 19:41 | Create | Villager (Male) |
| 19:48 | Build | Town Center |
| 20:33 | Create | Villager (Male) |
| 20:35 | Create | Villager (Male) |
| 20:38 | Research | Wheelbarrow |
| 21:01 | Create | Villager (Male) |
| 21:16 | Create | Villager (Male) |
| 21:16 | Create | Villager (Male) |
| 21:21 | Create | Villager (Male) |
| 21:22 | Create | Villager (Male) |
| 21:35 | Build | Castle |
| 22:14 | Build | Town Center |
| 22:21 | Create | Villager (Male) |
| 22:21 | Create | Villager (Male) |
| 22:21 | Create | Villager (Male) |
| 22:22 | Create | Villager (Male) |
| 22:28 | Research | Bow Saw |
| 22:29 | Research | Heavy Plow |
| 22:57 | Create | Conquistador |
| 23:04 | Build | Barracks |
| 23:26 | Create | Petard |
| 23:42 | Create | Villager (Male) |
| 23:42 | Create | Villager (Male) |
| 23:42 | Create | Villager (Male) |
| 23:43 | Create | Villager (Male) |
| 23:43 | Create | Villager (Male) |
| 23:43 | Create | Villager (Male) |
| 24:07 | Research | Fletching |
| 24:40 | Create | Petard |
| 24:55 | Research | Hand Cart |
| 24:59 | Create | Villager (Male) |
| 25:21 | Create | Conquistador |
| 25:49 | Create | Conquistador |
| 25:49 | Create | Conquistador |
| 26:08 | Build | Farm |
| 26:09 | Build | Farm |
| 26:10 | Build | Farm |
| 26:11 | Build | Farm |
| 26:12 | Build | Farm |
| 26:13 | Build | Farm |
| 26:55 | Create | Conquistador |
| 26:55 | Create | Conquistador |
| 28:05 | Create | Conquistador |
| 28:05 | Create | Conquistador |
| 28:08 | Create | Villager (Male) |
| 28:08 | Create | Villager (Male) |
| 28:08 | Create | Villager (Male) |
| 28:08 | Create | Villager (Male) |
| 28:09 | Create | Villager (Male) |
| 28:11 | Build | Farm |
| 28:11 | Build | Farm |
| 28:11 | Build | Farm |
| 28:11 | Build | Farm |
| 28:12 | Build | Farm |
| 28:12 | Build | Farm |
| 28:12 | Build | Farm |
| 28:12 | Build | Farm |
| 28:12 | Build | Farm |
| 28:13 | Build | Farm |
| 28:13 | Build | Farm |
| 28:13 | Build | Farm |
| 28:16 | Create | Villager (Male) |
| 28:17 | Create | Villager (Male) |
| 28:19 | Create | Villager (Male) |
| 29:18 | Create | Villager (Male) |
| 29:18 | Create | Villager (Male) |
| 29:18 | Create | Villager (Male) |
| 29:19 | Create | Conquistador |
| 29:20 | Create | Conquistador |
| 29:28 | Create | Petard |
| 29:31 | Create | Conquistador |
| 29:31 | Create | Conquistador |
| 30:38 | Create | Conquistador |
| 31:58 | Create | Villager (Male) |
| 31:59 | Create | Villager (Male) |
Build order — Manfred
First 150 of 209 actions detected
| 0:02 | Create | Villager (Male) ×4 |
| 0:02 | Create | Villager (Male) ×4 |
| 0:05 | Build | House |
| 0:05 | Build | House |
| 1:43 | Create | Villager (Male) |
| 2:22 | Build | Lumber Camp |
| 2:24 | Create | Villager (Male) |
| 2:55 | Create | Villager (Male) |
| 3:59 | Create | Villager (Male) ×2 |
| 4:28 | Build | House |
| 4:30 | Build | House |
| 4:33 | Create | Villager (Male) ×2 |
| 4:55 | Build | House |
| 4:57 | Build | House |
| 5:06 | Build | Mining Camp |
| 5:07 | Build | Mining Camp |
| 5:10 | Create | Villager (Male) |
| 6:01 | Create | Villager (Male) |
| 6:23 | Research | Loom |
| 6:46 | Create | Villager (Male) ×2 |
| 7:26 | Build | Mill |
| 7:50 | Build | Barracks |
| 7:57 | Build | Mill |
| 7:59 | Create | Villager (Male) |
| 8:17 | Create | Villager (Male) |
| 8:17 | Create | Villager (Male) |
| 8:47 | Create | Villager (Male) ×2 |
| 11:14 | Research | Feudal Age |
| 11:55 | Build | Lumber Camp |
| 13:24 | Age | Feudal Age |
| 13:28 | Build | Blacksmith |
| 13:34 | Build | Market |
| 14:04 | Create | Villager (Male) |
| 14:19 | Build | Farm |
| 14:32 | Build | Farm |
| 14:38 | Build | Farm |
| 15:39 | Research | Castle Age |
| 16:20 | Research | Horse Collar |
| 16:26 | Research | Double-Bit Axe |
| 17:08 | Build | Stable |
| 17:10 | Build | Stable |
| 17:13 | Build | Stable |
| 17:17 | Build | Stable |
| 17:19 | Build | Stable |
| 17:38 | Build | Mining Camp |
| 17:45 | Research | Wheelbarrow |
| 18:08 | Build | Farm |
| 18:11 | Build | Farm |
| 18:13 | Build | Farm |
| 18:19 | Age | Castle Age |
| 18:43 | Build | Farm |
| 18:45 | Build | Farm |
| 18:49 | Build | Farm |
| 18:51 | Build | Farm |
| 18:52 | Build | Farm |
| 19:06 | Create | Knight ×2 |
| 19:23 | Build | Farm |
| 19:25 | Create | Villager (Male) ×2 |
| 19:55 | Build | Town Center |
| 19:58 | Create | Villager (Male) |
| 19:59 | Create | Villager (Male) ×2 |
| 19:59 | Create | Villager (Male) |
| 19:59 | Create | Villager (Male) |
| 20:15 | Create | Villager (Male) |
| 20:53 | Build | Farm |
| 20:55 | Create | Villager (Male) ×3 |
| 21:29 | Research | Scale Barding Armor |
| 21:58 | Research | Forging |
| 22:28 | Create | Villager (Male) ×2 |
| 22:29 | Create | Villager (Male) ×2 |
| 22:30 | Create | Villager (Male) |
| 23:44 | Build | Farm |
| 23:45 | Build | Farm |
| 23:46 | Build | Farm |
| 23:51 | Create | Villager (Male) ×5 |
| 23:52 | Create | Villager (Male) ×5 |
| 23:52 | Create | Villager (Male) ×2 |
| 24:06 | Build | Town Center |
| 24:11 | Create | Villager (Male) ×2 |
| 24:11 | Create | Villager (Male) ×2 |
| 24:11 | Create | Villager (Male) ×2 |
| 24:26 | Create | Knight |
| 24:27 | Create | Knight |
| 24:40 | Build | Monastery |
| 24:45 | Build | University |
| 24:48 | Create | Villager (Male) ×3 |
| 24:48 | Create | Villager (Male) ×3 |
| 24:57 | Build | Farm |
| 25:00 | Build | Farm |
| 26:11 | Create | Monk |
| 26:14 | Create | Villager (Male) ×5 |
| 26:15 | Create | Villager (Male) ×5 |
| 26:15 | Create | Villager (Male) ×4 |
| 26:15 | Create | Villager (Male) ×4 |
| 26:23 | Build | Lumber Camp |
| 26:30 | Build | Farm |
| 26:32 | Build | Farm |
| 26:36 | Create | Knight ×2 |
| 26:48 | Build | Farm |
| 26:50 | Build | Farm |
| 26:54 | Create | Villager (Male) ×3 |
| 26:54 | Create | Villager (Male) ×3 |
| 27:14 | Build | Farm |
| 27:16 | Build | Farm |
| 27:18 | Build | Farm |
| 27:34 | Research | Gold Mining |
| 27:38 | Create | Villager (Male) ×2 |
| 27:38 | Create | Villager (Male) ×2 |
| 27:40 | Create | Villager (Male) |
| 27:40 | Create | Villager (Male) |
| 27:50 | Create | Villager (Male) |
| 27:51 | Create | Villager (Male) |
| 28:16 | Build | Farm |
| 28:18 | Build | Farm |
| 28:23 | Research | Heavy Plow |
| 28:25 | Create | Villager (Male) ×3 |
| 28:32 | Build | Farm |
| 28:46 | Create | Villager (Male) ×3 |
| 28:46 | Create | Villager (Male) ×3 |
| 28:48 | Create | Villager (Male) |
| 28:49 | Create | Villager (Male) |
| 29:02 | Create | Knight |
| 29:03 | Create | Knight |
| 29:03 | Create | Knight |
| 29:16 | Build | Farm |
| 29:19 | Create | Villager (Male) ×2 |
| 29:19 | Create | Villager (Male) ×2 |
| 29:40 | Build | House |
| 29:42 | Build | House |
| 29:44 | Build | House |
| 29:46 | Build | House |
| 29:48 | Build | House |
| 29:53 | Build | House |
| 29:55 | Build | House |
| 30:02 | Build | Mining Camp |
| 30:30 | Build | Lumber Camp |
| 30:41 | Build | Farm |
| 31:07 | Research | Imperial Age |
| 31:17 | Create | Villager (Male) |
| 31:17 | Create | Villager (Male) |
| 31:33 | Build | Mill |
| 31:40 | Build | Farm |
| 31:41 | Build | Farm |
| 31:44 | Build | Farm |
| 31:55 | Build | Farm |
| 31:56 | Build | Farm |
| 32:01 | Build | Farm |
| 32:08 | Research | Stone Mining |
| 32:38 | Create | Knight ×5 |
| 32:38 | Create | Knight ×5 |
Build order — Mr.Razorski
First 150 of 328 actions detected
| 0:02 | Create | Villager (Male) |
| 0:02 | Create | Villager (Male) |
| 0:02 | Create | Villager (Male) |
| 0:03 | Create | Villager (Male) |
| 0:03 | Create | Villager (Male) |
| 0:05 | Build | House |
| 0:07 | Build | House |
| 0:46 | Build | Palisade Wall |
| 1:47 | Create | Villager (Male) |
| 2:12 | Create | Villager (Male) |
| 2:19 | Build | Lumber Camp |
| 2:54 | Build | Palisade Wall |
| 2:59 | Build | Palisade Wall |
| 3:14 | Create | Villager (Male) |
| 3:14 | Create | Villager (Male) |
| 3:37 | Create | Villager (Male) |
| 4:09 | Build | House |
| 4:10 | Build | House |
| 4:13 | Create | Villager (Male) |
| 4:30 | Create | Villager (Male) |
| 4:45 | Create | Villager (Male) |
| 4:59 | Build | House |
| 5:05 | Build | Palisade Gate |
| 5:12 | Build | Palisade Wall |
| 5:12 | Build | Palisade Wall |
| 5:44 | Create | Villager (Male) |
| 5:45 | Create | Villager (Male) |
| 5:55 | Build | Mill |
| 5:58 | Create | Villager (Male) |
| 6:33 | Build | Palisade Wall |
| 6:40 | Build | Palisade Wall |
| 6:44 | Create | Villager (Male) |
| 7:05 | Build | Lumber Camp |
| 7:06 | Create | Villager (Male) |
| 7:32 | Create | Villager (Male) |
| 7:56 | Create | Villager (Male) |
| 8:16 | Build | Mill |
| 8:24 | Create | Villager (Male) |
| 8:42 | Create | Villager (Male) |
| 9:14 | Build | Mining Camp |
| 9:21 | Build | Mining Camp |
| 9:29 | Create | Villager (Male) |
| 10:04 | Research | Feudal Age |
| 10:30 | Create | Villager (Male) |
| 11:35 | Create | Villager (Male) |
| 12:14 | Age | Feudal Age |
| 12:19 | Build | Market |
| 12:24 | Build | Blacksmith |
| 12:30 | Build | Blacksmith |
| 12:32 | Research | Horse Collar |
| 12:35 | Research | Double-Bit Axe |
| 12:51 | Build | Farm |
| 12:55 | Build | Farm |
| 12:59 | Build | Farm |
| 13:00 | Build | Farm |
| 13:08 | Create | Villager (Male) |
| 13:09 | Create | Villager (Male) |
| 13:31 | Build | Stone Wall |
| 13:34 | Build | Building 487 |
| 13:37 | Create | Villager (Male) |
| 14:00 | Build | Farm |
| 14:09 | Build | Lumber Camp |
| 14:18 | Build | Farm |
| 14:20 | Build | Farm |
| 14:24 | Build | Farm |
| 14:29 | Create | Villager (Male) |
| 14:29 | Create | Villager (Male) |
| 15:15 | Research | Castle Age |
| 15:24 | Build | Mining Camp |
| 15:50 | Build | House |
| 16:00 | Build | House |
| 16:04 | Build | House |
| 16:06 | Build | House |
| 16:07 | Build | House |
| 16:09 | Build | House |
| 16:10 | Create | Villager (Male) |
| 16:12 | Create | Villager (Male) |
| 16:37 | Research | Stone Mining |
| 16:39 | Research | Gold Mining |
| 17:23 | Build | Farm |
| 17:23 | Build | Farm |
| 17:23 | Build | Farm |
| 17:59 | Age | Castle Age |
| 18:03 | Build | Town Center |
| 18:10 | Research | Heavy Plow |
| 18:15 | Research | Bow Saw |
| 18:19 | Research | Wheelbarrow |
| 18:21 | Create | Villager (Male) |
| 18:33 | Build | Town Center |
| 18:41 | Build | Monastery |
| 19:02 | Create | Villager (Male) |
| 19:02 | Create | Villager (Male) |
| 19:02 | Create | Villager (Male) |
| 19:19 | Create | Villager (Male) |
| 19:20 | Create | Villager (Male) |
| 19:37 | Create | Villager (Male) |
| 19:38 | Create | Villager (Male) |
| 19:56 | Create | Villager (Male) |
| 20:03 | Create | Monk |
| 20:16 | Create | Villager (Male) |
| 20:16 | Create | Villager (Male) |
| 20:16 | Create | Villager (Male) |
| 20:33 | Build | Lumber Camp |
| 20:45 | Build | Town Center |
| 20:49 | Create | Villager (Male) |
| 20:49 | Create | Villager (Male) |
| 21:00 | Build | Farm |
| 21:01 | Build | Farm |
| 21:01 | Build | Farm |
| 21:01 | Build | Farm |
| 21:01 | Build | Farm |
| 21:15 | Build | University |
| 21:18 | Create | Villager (Male) |
| 21:37 | Create | Trade Cart |
| 21:39 | Research | Caravan |
| 21:39 | Create | Trade Cart |
| 21:41 | Create | Villager (Male) |
| 21:41 | Create | Villager (Male) |
| 21:49 | Build | Barracks |
| 21:51 | Create | Villager (Male) |
| 21:51 | Create | Villager (Male) |
| 22:05 | Create | Villager (Male) |
| 22:06 | Create | Villager (Male) |
| 22:47 | Build | Stable |
| 22:50 | Build | Stable |
| 22:57 | Create | Villager (Male) |
| 22:57 | Create | Villager (Male) |
| 22:58 | Create | Villager (Male) |
| 22:58 | Create | Villager (Male) |
| 22:58 | Create | Villager (Male) |
| 23:02 | Create | Villager (Male) |
| 23:02 | Create | Villager (Male) |
| 23:05 | Create | Villager (Male) |
| 23:05 | Create | Villager (Male) |
| 23:27 | Build | House |
| 23:28 | Build | House |
| 23:41 | Build | House |
| 23:45 | Create | Villager (Male) |
| 23:45 | Create | Villager (Male) |
| 23:46 | Create | Villager (Male) |
| 23:46 | Create | Villager (Male) |
| 23:55 | Create | Knight |
| 24:06 | Build | Mill |
| 24:07 | Build | Farm |
| 24:07 | Build | Farm |
| 24:07 | Build | Farm |
| 24:07 | Build | Farm |
| 24:08 | Build | Farm |
| 24:08 | Build | Farm |
| 24:09 | Build | Farm |
Build order — Weolex
First 150 of 307 actions detected
| 0:01 | Create | Villager (Male) |
| 0:01 | Create | Villager (Male) |
| 0:02 | Create | Villager (Male) |
| 0:02 | Create | Villager (Male) |
| 0:03 | Build | House |
| 0:05 | Build | House |
| 1:41 | Build | Palisade Wall |
| 1:41 | Build | Palisade Wall |
| 1:53 | Create | Villager (Male) |
| 2:26 | Research | Loom |
| 2:27 | Create | Villager (Male) |
| 2:28 | Create | Villager (Male) |
| 2:42 | Create | Villager (Male) |
| 3:12 | Build | Palisade Wall |
| 3:15 | Build | Palisade Wall |
| 3:17 | Create | Villager (Male) |
| 3:38 | Build | Lumber Camp |
| 3:40 | Create | Villager (Male) |
| 3:45 | Build | Palisade Wall |
| 3:47 | Build | Palisade Wall |
| 3:59 | Build | Palisade Wall |
| 4:00 | Build | Palisade Wall |
| 4:00 | Build | Palisade Wall |
| 4:33 | Create | Villager (Male) |
| 5:04 | Build | Palisade Wall |
| 5:05 | Build | Palisade Wall |
| 5:08 | Build | Palisade Wall |
| 5:09 | Build | Palisade Wall |
| 5:17 | Create | Villager (Male) |
| 5:17 | Create | Villager (Male) |
| 5:17 | Create | Villager (Male) |
| 5:30 | Build | House |
| 6:11 | Create | Villager (Male) |
| 6:12 | Create | Villager (Male) |
| 6:12 | Create | Villager (Male) |
| 6:43 | Build | House |
| 6:47 | Build | House |
| 7:53 | Create | Villager (Male) |
| 7:53 | Create | Villager (Male) |
| 8:19 | Build | Mill |
| 8:48 | Create | Villager (Male) |
| 8:49 | Create | Villager (Male) |
| 9:36 | Build | Palisade Wall |
| 9:43 | Create | Villager (Male) |
| 9:43 | Create | Villager (Male) |
| 9:51 | Build | House |
| 10:00 | Build | Mining Camp |
| 10:04 | Research | Feudal Age |
| 10:21 | Create | Villager (Male) |
| 10:21 | Create | Villager (Male) |
| 10:28 | Research | Feudal Age |
| 12:27 | Build | Barracks |
| 12:43 | Age | Feudal Age |
| 12:50 | Create | Villager (Male) |
| 12:50 | Create | Villager (Male) |
| 13:22 | Create | Villager (Male) |
| 13:22 | Create | Villager (Male) |
| 13:29 | Build | Archery Range |
| 14:11 | Create | Villager (Male) |
| 14:26 | Create | Archer |
| 14:27 | Create | Archer |
| 14:27 | Create | Archer |
| 14:27 | Create | Archer |
| 14:29 | Create | Archer |
| 14:39 | Create | Villager (Male) |
| 14:39 | Create | Villager (Male) |
| 15:15 | Build | Blacksmith |
| 15:43 | Research | Double-Bit Axe |
| 15:47 | Research | Gold Mining |
| 16:05 | Create | Villager (Male) |
| 16:05 | Create | Villager (Male) |
| 16:57 | Research | Castle Age |
| 16:57 | Research | Castle Age |
| 17:45 | Research | Fletching |
| 17:56 | Create | Archer |
| 17:56 | Create | Archer |
| 18:16 | Create | Villager (Male) |
| 18:45 | Build | Archery Range |
| 18:49 | Create | Villager (Male) |
| 19:09 | Build | Farm |
| 19:10 | Build | Farm |
| 19:10 | Build | Farm |
| 19:10 | Build | Farm |
| 19:11 | Build | Farm |
| 19:11 | Build | Farm |
| 19:27 | Build | Building 665 |
| 19:37 | Age | Castle Age |
| 19:47 | Research | Crossbowman (upgrade) |
| 20:02 | Build | Stone Wall |
| 20:05 | Build | Stone Wall |
| 20:23 | Create | Villager (Male) |
| 20:53 | Build | Siege Workshop |
| 21:52 | Build | Stone Wall |
| 21:53 | Build | Stone Wall |
| 22:15 | Create | Villager (Male) |
| 22:15 | Create | Villager (Male) |
| 22:15 | Create | Villager (Male) |
| 22:16 | Create | Villager (Male) |
| 22:27 | Build | Town Center |
| 22:55 | Create | Archer |
| 22:56 | Create | Archer |
| 23:00 | Create | Battering Ram |
| 23:02 | Build | Farm |
| 23:03 | Build | Farm |
| 23:03 | Build | Farm |
| 23:03 | Build | Farm |
| 23:30 | Create | Villager (Male) |
| 23:31 | Create | Villager (Male) |
| 24:02 | Build | Farm |
| 24:02 | Build | Farm |
| 24:05 | Create | Villager (Male) |
| 24:34 | Create | Villager (Male) |
| 24:35 | Create | Villager (Male) |
| 24:35 | Create | Villager (Male) |
| 24:53 | Create | Villager (Male) |
| 25:14 | Build | Market |
| 25:53 | Create | Villager (Male) |
| 25:53 | Create | Villager (Male) |
| 25:54 | Create | Villager (Male) |
| 26:24 | Build | Town Center |
| 26:26 | Create | Villager (Male) |
| 26:27 | Create | Villager (Male) |
| 26:32 | Build | House |
| 26:32 | Build | House |
| 26:33 | Build | House |
| 26:33 | Build | House |
| 26:33 | Build | House |
| 26:34 | Build | House |
| 26:34 | Build | House |
| 26:34 | Build | House |
| 26:34 | Build | House |
| 26:35 | Build | House |
| 27:02 | Create | Villager (Male) |
| 27:03 | Create | Villager (Male) |
| 27:03 | Create | Villager (Male) |
| 27:04 | Create | Villager (Male) |
| 27:08 | Build | Mining Camp |
| 27:14 | Create | Villager (Male) |
| 27:15 | Create | Villager (Male) |
| 27:48 | Create | Villager (Male) |
| 27:48 | Create | Villager (Male) |
| 27:48 | Create | Villager (Male) |
| 27:51 | Create | Villager (Male) |
| 27:51 | Create | Villager (Male) |
| 28:04 | Create | Villager (Male) |
| 28:05 | Create | Villager (Male) |
| 28:05 | Create | Villager (Male) |
| 28:17 | Create | Villager (Male) |
| 28:39 | Build | Lumber Camp |
| 28:44 | Research | Bow Saw |
Match timeline
| 0:46 | Mr.Razorski · wall_segment Palisade Wall x12 |
| 1:01 | xjvc206 · wall_segment Palisade Wall x16 |
| 1:13 | DerkerTheBerserker · wall_segment Palisade Wall x2 |
| 1:29 | Lord Meadow · wall_segment Palisade Wall x7 |
| 1:29 | DerkerTheBerserker · wall_segment Palisade Wall x1 |
| 1:35 | DerkerTheBerserker · wall_segment Palisade Wall x1 |
| 1:41 | Weolex · wall_segment Palisade Wall x5 |
| 1:41 | Weolex · wall_segment Palisade Wall x5 |
| 1:44 | DerkerTheBerserker · wall_segment Palisade Wall x1 |
| 2:03 | DerkerTheBerserker · wall_segment Palisade Wall x1 |
| 2:06 | DerkerTheBerserker · wall_segment Palisade Wall x1 |
| 2:25 | stanny · wall_segment Palisade Wall x15 |
| 2:54 | Mr.Razorski · wall_segment Palisade Wall x1 |
| 2:59 | Mr.Razorski · wall_segment Palisade Wall x1 |
| 3:12 | Weolex · wall_segment Palisade Wall x5 |
| 3:15 | Weolex · wall_segment Palisade Wall x3 |
| 3:45 | Weolex · wall_segment Palisade Wall x1 |
| 3:47 | Weolex · wall_segment Palisade Wall x4 |
| 3:55 | DerkerTheBerserker · wall_segment Palisade Wall x17 |
| 3:59 | Weolex · wall_segment Palisade Wall x1 |
| 4:00 | Weolex · wall_segment Palisade Wall x1 |
| 4:00 | Weolex · wall_segment Palisade Wall x1 |
| 5:04 | Weolex · wall_segment Palisade Wall x1 |
| 5:05 | Weolex · wall_segment Palisade Wall x1 |
| 5:08 | Weolex · wall_segment Palisade Wall x1 |
| 5:09 | Weolex · wall_segment Palisade Wall x1 |
| 5:12 | Mr.Razorski · wall_segment Palisade Wall x1 |
| 5:12 | Mr.Razorski · wall_segment Palisade Wall x1 |
| 6:33 | Mr.Razorski · wall_segment Palisade Wall x1 |
| 6:40 | Mr.Razorski · wall_segment Palisade Wall x1 |
| 7:50 | Manfred · first_building Barracks |
| 9:36 | Weolex · wall_segment Palisade Wall x1 |
| 10:58 | Lord Meadow · age_up feudal |
| 12:14 | Mr.Razorski · age_up feudal |
| 12:20 | Cyberfrank · age_up feudal |
| 12:27 | Weolex · first_building Barracks |
| 12:43 | Weolex · age_up feudal |
| 13:19 | Cyberfrank · wall_segment Stone Wall x6 |
| 13:22 | Cyberfrank · wall_segment Stone Wall x4 |
| 13:24 | Manfred · age_up feudal |
| 13:29 | Weolex · first_building Archery Range |
| 13:31 | Mr.Razorski · wall_segment Stone Wall x10 |
| 14:49 | Lord Meadow · wall_segment Stone Wall x5 |
| 15:03 | Lord Meadow · wall_segment Stone Wall x6 |
| 15:14 | stanny · age_up feudal |
| 15:20 | stanny · wall_segment Stone Wall x11 |
| 15:30 | DerkerTheBerserker · age_up feudal |
| 15:50 | Cyberfrank · wall_segment Stone Wall x7 |
| 15:56 | xjvc206 · age_up feudal |
| 15:58 | stanny · wall_segment Stone Wall x2 |
| 16:19 | Cyberfrank · wall_segment Stone Wall x8 |
| 16:27 | xjvc206 · first_building Barracks |
| 17:08 | Manfred · first_building Stable |
| 17:27 | Lord Meadow · wall_segment Stone Wall x4 |
| 17:32 | Lord Meadow · wall_segment Stone Wall x7 |
| 17:42 | Lord Meadow · wall_segment Stone Wall x1 |
| 17:46 | Cyberfrank · wall_segment Stone Wall x7 |
| 17:59 | Mr.Razorski · age_up castle |
| 18:01 | Cyberfrank · first_market_sell 100 wood |
| 18:03 | Cyberfrank · first_market_buy 100 food |
| 18:19 | Manfred · age_up castle |
| 18:34 | Cyberfrank · first_building Barracks |
| 18:39 | Lord Meadow · first_building Barracks |
| 18:41 | Mr.Razorski · first_building Monastery |
| 18:42 | xjvc206 · first_building Archery Range |
| 18:53 | stanny · age_up castle |
| 18:54 | xjvc206 · wall_segment Stone Wall x5 |
| 19:02 | Cyberfrank · first_building Archery Range |
| 19:15 | Lord Meadow · age_up castle |
| 19:31 | DerkerTheBerserker · age_up castle |
| 19:37 | Weolex · age_up castle |
| 19:48 | xjvc206 · first_market_sell 100 wood |
| 19:49 | xjvc206 · first_market_buy 100 food |
| 20:02 | Weolex · wall_segment Stone Wall x2 |
| 20:05 | Weolex · wall_segment Stone Wall x4 |
| 20:32 | Cyberfrank · age_up castle |
| 20:53 | Weolex · first_building Siege Workshop |
| 21:35 | DerkerTheBerserker · first_building Castle |
| 21:45 | xjvc206 · age_up castle |
| 21:49 | Mr.Razorski · first_building Barracks |
| 21:52 | Weolex · wall_segment Stone Wall x9 |
| 21:53 | Lord Meadow · first_building Monastery |
| 21:53 | Weolex · wall_segment Stone Wall x5 |
| 22:08 | DerkerTheBerserker · first_market_buy 100 stone |
| 22:47 | Mr.Razorski · first_building Stable |
| 23:04 | DerkerTheBerserker · first_building Barracks |
| 23:07 | stanny · wall_segment Stone Wall x12 |
| 24:07 | stanny · first_building Siege Workshop |
| 24:11 | Lord Meadow · first_building Archery Range |
| 24:21 | stanny · wall_segment Stone Wall x1 |
| 24:40 | Manfred · first_building Monastery |
| 24:44 | Cyberfrank · first_building Siege Workshop |
| 25:55 | stanny · first_building Barracks |
| 26:04 | Weolex · first_market_buy 100 wood |
| 26:15 | stanny · wall_segment Stone Wall x2 |
| 26:23 | Mr.Razorski · first_building Castle |
| 26:49 | Mr.Razorski · wall_segment Stone Wall x1 |
| 28:10 | xjvc206 · first_building Castle |
| 28:42 | Mr.Razorski · first_building Archery Range |
| 30:15 | Lord Meadow · first_building Castle |
| 30:16 | Lord Meadow · age_up imperial |
| 30:36 | Cyberfrank · first_building Castle |
| 31:22 | xjvc206 · first_building Siege Workshop |
| 31:39 | Weolex · wall_segment Stone Wall x4 |
| 31:55 | Weolex · wall_segment Stone Wall x7 |
| 32:15 | Mr.Razorski · age_up imperial |
| 32:33 | DerkerTheBerserker · first_building Stable |
| 33:52 | Manfred · first_building Castle |
| 34:17 | Manfred · age_up imperial |
| 34:22 | Lord Meadow · wall_segment Stone Wall x14 |
| 38:01 | stanny · first_building Castle |
| 38:10 | Mr.Razorski · first_market_buy 100 stone |
| 38:18 | DerkerTheBerserker · age_up imperial |
| 38:28 | Manfred · first_market_sell 100 wood |
| 38:35 | Manfred · first_market_buy 100 stone |
| 39:06 | stanny · resign |
| 39:31 | Cyberfrank · age_up imperial |
[ AI ANALYSIS · 1 CREDIT ]
What really happened in this match?
Wolo.gg analyzes every decision: build order, eco, micro, common mistakes by bracket. Personalized analysis on WhatsApp or Discord in 30 seconds.
Civ guide
Bohemians
Map guide
Black Forest
Perfil
xjvc206